Map: Catalyst LE

Players

tofu - Winner!

  • Race: Terran Terran
  • League: Master
  • Spawn Location: 11:00

FisterRoboto

  • Race: Zerg Zerg
  • League: Master
  • Spawn Location: 5:00

VOD

Have the link to the VOD?

Description

Time

  • Played on: March 1, 2018, 10:34 p.m.
  • Length: 22:59
Show
View Real Time Build Order
Export as new Build Order

tofu Terran - Winner!

Build Orders: Reaper Expand, Hellion Banshee, Mech 

Get SALT Encoding   

  12  0:02  SCV  
  13  0:15  SCV  
  13  0:19  Supply Depot  
  14  0:27  SCV  
  15  0:35  Refinery  
  15  0:43  Barracks  
  15  0:44  SCV  
  16  0:56  SCV  
  17  1:08  SCV  
  18  1:20  SCV  
  19  1:30  Reaper  
  20  1:32  Orbital Command  
  20  1:44  Command Center  
  20  1:57  Factory  
  20  1:59  SCV  
  21  2:03  Refinery  
  21  2:15  SCV, Barracks Reactor  
  21  2:22  Supply Depot  
  22  2:27  SCV  
  23  2:47  Starport  
  23  2:51  Bunker  
  23  2:55  SCV  
  23  2:56  Orbital Command  
  26  3:06  Hellion x2, Barracks Tech Lab  
  26  3:08  SCV  
  29  3:20  SCV, Armory  
  30  3:30  Hellion x2  
  30  3:32  SCV  
  35  3:47  SCV  
  35  3:48  SCV  
  37  3:51  Hellion, Banshee  
  37  3:52  Marine  
  43  4:02  SCV  
  44  4:05  SCV, Supply Depot  
  45  4:14  SCV  
  46  4:18  Barracks Tech Lab  
  46  4:20  Terran Vehicle Weapons Level 1  
  46  4:26  Refinery  
  46  4:27  Hellion, SCV  
  47  4:32  Refinery  
  45  4:44  Hellion, SCV  
  45  4:45  SCV  
  49  4:48  Supply Depot  
  49  4:50  Supply Depot  
  49  5:04  SCV  
  49  5:05  SCV  
  43  5:18  SCV  
  43  5:19  SCV  
  43  5:21  Hellion x2  
  49  5:23  Command Center  
  49  5:26  Supply Depot  
  49  5:30  SCV  
  49  5:31  Supply Depot  
  50  5:42  SCV  
  51  5:43  SCV  
  51  5:45  Factory  
  51  5:47  Starport Reactor  
  52  5:50  Barracks Tech Lab  
  52  5:53  Thor  
  52  5:54  SCV  
  52  5:55  SCV  
  60  6:14  SCV x2  
  58  6:26  SCV  
  58  6:28  Thor, Medivac x2  
  58  6:31  Factory  
  67  6:34  SCV  
  67  6:37  Engineering Bay  
  67  6:38  SCV  
  67  6:39  Terran Vehicle And Ship Armor Level 1  
  69  6:42  Orbital Command  
  69  6:51  Supply Depot  
  69  6:53  Armory  
  69  7:00  Viking  
  71  7:02  SCV  
  71  7:07  Orbital Command  
  72  7:11  Supply Depot  
  72  7:12  Command Center  
  72  7:14  Missile Turret  
  72  7:19  Siege Tank  
  72  7:20  Hellion x2, Siege Tank  
  82  7:25  SCV  
  82  7:26  SCV  
  82  7:28  Refinery  
  84  7:33  Refinery  
  84  7:34  Liberator  
  84  7:35  Supply Depot  
  84  7:36  Supply Depot  
  84  7:37  SCV x2  
  84  7:38  SCV  
  87  7:49  Hellion x2, SCV x2  
  87  7:50  SCV, Infernal Pre-Igniter  
  97  7:52  Hellion x2  
  101  8:01  SCV x2  
  103  8:09  Factory  
  103  8:13  SCV, Siege Tank  
  103  8:17  SCV  
  103  8:18  SCV  
  109  8:21  Hellion x2, Factory  
  109  8:26  SCV  
  112  8:30  SCV  
  113  8:36  Liberator  
  109  8:53  Hellion x2, Siege Tank x2  
  109  8:54  Orbital Command  
  120  8:57  SCV x3  
  114  9:12  SCV x2  
  110  9:20  Liberator  
  110  9:22  Hellion x3  
  110  9:24  SCV  
  117  9:25  Hellion, Siege Tank  
  122  9:33  SCV  
  122  9:36  SCV  
  122  9:37  SCV  
  128  9:43  Hellion, Siege Tank  
  133  9:46  Siege Tank  
  133  9:47  Barracks Reactor  
  133  9:48  SCV, Factory  
  133  9:49  Factory Reactor  
  135  9:52  Starport  
  135  9:53  Supply Depot  
  135  9:59  SCV  
  131  10:00  SCV x2  
  129  10:07  Hellion x2  
  129  10:08  Hellion  
  129  10:12  SCV x2  
  137  10:16  Hellion  
  137  10:19  Siege Tank  
  142  10:24  SCV  
  142  10:25  Hellion  
  142  10:27  Orbital Command  
  145  10:29  Siege Tank  
  140  10:36  SCV  
  140  10:37  Siege Tank  
  140  10:39  SCV x2  
  143  10:43  Terran Vehicle Weapons Level 2, Terran Vehicle And Ship Armor Level 2, Missile Turret  
  143  10:44  Fusion Core  
  143  10:48  SCV  
  144  10:51  Siege Tank, Starport Tech Lab  
  144  10:55  Starport  
  147  10:58  Hellion x4  
  147  11:00  SCV  
  156  11:11  Supply Depot  
  156  11:12  Supply Depot  
  156  11:13  Supply Depot  
  156  11:18  Medivac  
  156  11:20  Refinery  
  156  11:25  Refinery  
  156  11:28  Smart Servos  
  156  11:33  Hellion, SCV, Siege Tank  
  156  11:36  Supply Depot  
  156  11:37  Missile Turret  
  162  11:41  Command Center  
  162  11:43  Command Center  
  162  11:45  SCV  
  162  11:46  Hellion x4, Thor  
  179  11:47  Hellion  
  179  12:01  SCV x2  
  180  12:05  Thor  
  183  12:18  Thor  
  169  12:28  Hellion x2  
  169  12:29  Hellion x3, Viking  
  144  12:30  Hellion, Viking x2  
  138  12:44  Missile Turret x2  
  138  12:46  Starport Reactor  
  138  12:50  Hellion x2  
  138  12:51  Siege Tank  
  152  13:08  Hellion x2  
  152  13:11  Banshee  
  141  13:27  Hellion x3, Siege Tank  
  141  13:28  Hellion, Viking  
  150  13:36  Factory  
  148  13:53  Banshee  
  149  13:59  Hellion x2, Siege Tank  
  149  14:00  Hellion x4  
  156  14:03  Viking x2  
  156  14:05  Factory  
  156  14:07  Factory  
  160  14:13  SCV  
  160  14:14  SCV  
  162  14:21  Hellion x2, Cyclone x2  
  172  14:25  Refinery  
  172  14:26  Refinery  
  172  14:31  Siege Tank  
  172  14:33  Viking x2  
  172  14:36  Banshee  
  160  14:54  Hellion  
  160  14:55  Hellion x4  
  160  14:56  Hellion x2  
  160  14:59  Missile Turret  
  174  15:03  Siege Tank  
  177  15:15  Command Center  
  177  15:17  Hellion x2  
  177  15:19  Banshee  
  177  15:21  Hellion x2, Viking  
  178  15:35  Siege Tank  
  178  15:41  Hellion x3  
  178  15:42  Viking  
  171  15:45  Hellion  
  151  15:51  Viking  
  153  15:57  Orbital Command  
  153  15:59  SCV  
  154  16:07  Siege Tank  
  157  16:11  SCV  
  157  16:12  Viking x2, Refinery  
  157  16:16  Factory Tech Lab x2  
  162  16:19  Cyclone x5  
  162  16:20  Hellion, Terran Vehicle Weapons Level 3  
  162  16:21  Terran Vehicle And Ship Armor Level 3, Viking  
  181  16:39  Siege Tank  
  180  16:41  Hellion  
  180  16:42  Hellion x2  
  180  16:43  Viking  
  180  16:44  Viking  
  187  16:51  Hellion  
  177  17:03  Siege Tank  
  177  17:04  Hellion  
  177  17:05  Hellion x5  
  190  17:11  Liberator  
  190  17:12  Siege Tank  
  189  17:20  SCV x2  
  189  17:21  Hellion  
  183  17:26  Hellion x3, Raven  
  194  17:44  Planetary Fortress  
  194  17:49  Siege Tank  
  195  17:54  Viking  
  195  18:00  Siege Tank  
  195  18:02  Hellion x2  
  187  18:11  Viking  
  138  18:56  Thor x3  
  138  18:57  Hellion x3  
  154  19:21  SCV  
  141  19:24  Marine  
  141  19:25  Hellion  
  141  19:26  Hellion x5  
  141  19:31  Banshee, Viking x2  
  158  19:32  Terran Ship Weapons Level 1  
  161  19:42  Marine, Orbital Command  
  158  20:12  Hellion  
  158  20:13  Hellion x3, Siege Tank x2  
  158  20:14  Banshee, Cyclone x2  
  170  20:18  SCV x2  
  178  20:22  Hellion  
  166  20:41  Hellion  
  166  20:42  Hellion  
  160  20:44  Siege Tank  
  163  20:51  SCV x3  
  158  20:57  Refinery  
  158  20:59  Refinery  
  158  21:03  SCV  
  155  21:05  Command Center  
  155  21:14  Command Center  
  138  21:32  Hellion x3  
  130  21:33  Hellion x4, Siege Tank x2  
  130  21:34  Viking x2  
  130  21:35  SCV  
  139  21:52  SCV  
  139  21:53  Hellion, SCV x2  
  139  21:54  Hellion x2, Siege Tank  
  148  21:57  Hellion x3  
  148  21:58  Viking  
  159  22:04  Viking x2  
  159  22:05  Siege Tank x2  
  167  22:09  Missile Turret  
  167  22:15  Hellion x3  
  171  22:26  Siege Tank  
Show
View Real Time Build Order
Export as new Build Order

FisterRoboto Zerg 

Build Orders: Hatch First, Swarm Host 

Get SALT Encoding   

  12  0:00  Drone  
  13  0:12  Overlord  
  13  0:17  Drone  
  14  0:31  Drone x2  
  16  0:36  Drone  
  17  0:52  Hatchery  
  17  0:55  Drone  
  17  0:57  Drone  
  18  1:08  Extractor  
  17  1:14  Spawning Pool  
  17  1:16  Drone  
  17  1:19  Drone  
  18  1:28  Drone  
  19  1:40  Overlord  
  19  1:52  Drone  
  20  2:01  Queen  
  20  2:03  Queen  
  20  2:04  Zergling x4  
  26  2:21  Hatchery  
  25  2:26  Metabolic Boost  
  25  2:27  Drone  
  26  2:34  Drone  
  26  2:45  Drone x4  
  26  2:51  Overlord  
  30  2:56  Pneumatized Carapace  
  30  3:01  Drone  
  30  3:02  Drone  
  30  3:04  Drone  
  33  3:07  Drone  
  33  3:12  Drone  
  35  3:15  Drone x3  
  38  3:20  Drone  
  38  3:21  Drone  
  40  3:28  Drone x3  
  40  3:31  Overlord  
  43  3:37  Queen  
  43  3:39  Drone x2  
  47  3:47  Drone x3  
  49  3:52  Queen  
  51  3:57  Drone, Baneling Nest  
  51  3:58  Extractor, Drone  
  51  4:05  Zergling x8  
  55  4:14  Overlord x2, Zergling x2  
  56  4:18  Spore Crawler  
  56  4:20  Spore Crawler  
  56  4:24  Zergling x6, Spore Crawler  
  55  4:30  Zergling x2  
  57  4:42  Baneling x3  
  57  4:43  Baneling x2  
  55  4:46  Queen  
  55  4:51  Queen  
  55  4:52  Queen  
  61  4:56  Drone x7  
  60  5:17  Drone  
  60  5:18  Drone x7  
  67  5:26  Queen  
  69  5:30  Queen  
  69  5:31  Lair  
  69  5:34  Drone x3  
  74  5:36  Evolution Chamber  
  74  5:37  Overlord x2  
  74  5:39  Evolution Chamber  
  72  5:45  Overlord  
  72  5:46  Overlord, Drone  
  72  5:47  Drone  
  72  5:49  Extractor  
  73  5:51  Extractor  
  72  6:00  Drone x3  
  72  6:01  Drone x3  
  72  6:02  Drone x2  
  80  6:06  Spore Crawler  
  80  6:12  Drone x4  
  80  6:13  Drone x4  
  80  6:18  Extractor  
  87  6:24  Drone x3  
  84  6:28  Baneling x4  
  84  6:31  Hatchery  
  83  6:35  Extractor  
  83  6:37  Zerg Missile Weapons Level 1, Hatchery, Zerg Ground Armor Level 1, Centrifical Hooks  
  82  6:40  Drone  
  82  6:45  Zergling x8  
  86  6:49  Hydralisk Den, Drone  
  86  6:56  Drone x3  
  86  6:58  Drone x5  
  94  7:08  Overlord x2  
  94  7:10  Drone x3  
  97  7:17  Drone x3  
  97  7:19  Drone  
  101  7:23  Grooved Spines  
  101  7:24  Hydralisk x2  
  101  7:26  Overlord x3  
  105  7:45  Queen  
  105  7:48  Extractor, Drone  
  105  7:49  Drone  
  108  7:54  Extractor  
  107  7:58  Hydralisk x2  
  107  7:59  Hydralisk x4  
  107  8:01  Overseer  
  117  8:27  Infestation Pit  
  117  8:31  Hydralisk x11  
  117  8:32  Hydralisk x4  
  144  8:38  Hydralisk x9  
  139  8:53  Hydralisk  
  139  8:54  Zergling x16  
  135  9:01  Muscular Augments  
  107  9:10  Zergling x2  
  107  9:15  Drone x11  
  107  9:16  Drone x5  
  118  9:22  Drone x3  
  121  9:26  Hive, Queen  
  121  9:30  Queen x3  
  129  9:32  Swarm Host  
  129  9:33  Swarm Host x2  
  134  9:45  Drone x8  
  139  9:56  Hydralisk x4  
  147  10:04  Swarm Host  
  143  10:15  Drone x2  
  143  10:16  Drone x4  
  143  10:19  Overlord x3  
  149  10:35  Swarm Host  
  149  10:44  Queen  
  151  11:02  Drone x3  
  151  11:03  Swarm Host x6  
  172  11:09  Overlord x5  
  172  11:10  Hatchery  
  171  11:22  Hydralisk x2  
  171  11:24  Overlord x3  
  171  11:25  Overlord  
  173  11:27  Swarm Host  
  173  11:28  Swarm Host x6  
  194  11:33  Extractor, Zergling x2  
  194  11:34  Extractor, Zergling x6, Hydralisk  
  194  11:36  Zergling x2  
  198  12:02  Zerg Ground Armor Level 2, Zerg Missile Weapons Level 2  
  198  12:03  Spire  
  195  12:10  Baneling x11  
  176  12:29  Drone x3  
  167  12:30  Drone x3  
  167  12:31  Drone x6  
  174  12:37  Zergling x2  
  175  12:44  Hatchery  
  175  12:46  Swarm Host  
  175  12:50  Hydralisk x4  
  182  12:53  Viper x2  
  182  12:58  Drone x3  
  178  13:29  Drone  
  173  13:36  Drone x4  
  166  13:57  Swarm Host  
  166  13:58  Hydralisk x6  
  166  13:59  Viper, Hydralisk  
  166  14:00  Viper  
  189  14:13  Drone  
  189  14:14  Drone x7  
  189  14:16  Greater Spire  
  195  14:39  Zergling x8  
  199  14:49  Zerg Ground Armor Level 3  
  199  14:50  Zerg Missile Weapons Level 3  
  199  14:57  Spine Crawler  
  199  14:58  Spine Crawler  
  199  14:59  Spine Crawler  
  196  15:01  Spine Crawler  
  196  15:03  Hydralisk  
  196  15:04  Hydralisk x3  
  196  15:19  Hydralisk x6  
  172  15:48  Drone x3  
  172  15:49  Drone x4, Hatchery  
  178  15:50  Drone x2, Queen  
  180  16:11  Hatchery  
  179  16:32  Drone x15  
  188  16:33  Drone x3  
  185  16:53  Drone  
  185  16:54  Drone x3  
  175  16:57  Corruptor x4  
  169  17:02  Drone  
  169  17:07  Drone x3, Spine Crawler  
  169  17:08  Spine Crawler  
  164  17:09  Spine Crawler  
  164  17:12  Spine Crawler  
  164  17:13  Spine Crawler x2  
  164  17:15  Drone x5  
  153  17:20  Drone x4  
  157  17:27  Drone x3  
  157  17:28  Drone  
  157  17:29  Drone  
  162  17:36  Brood Lord x4  
  170  17:39  Drone  
  170  17:40  Drone x4  
  174  17:53  Drone x5  
  175  18:07  Corruptor x6  
  187  18:18  Swarm Host x2  
  187  18:19  Swarm Host x2  
  196  18:23  Hatchery  
  182  18:39  Hydralisk  
  182  18:40  Hydralisk x7  
  167  18:48  Hydralisk x4  
  144  18:55  Hydralisk x4  
  150  19:02  Hydralisk  
  150  19:03  Hydralisk x2  
  150  19:06  Extractor  
  150  19:07  Hydralisk  
  157  19:16  Corruptor x4  
  149  19:26  Drone  
  149  19:27  Drone x5  
  155  19:32  Drone  
  155  19:37  Corruptor  
  155  19:38  Corruptor x3  
  164  19:46  Drone  
  164  19:47  Drone x5  
  170  19:55  Drone  
  170  19:56  Drone  
  163  20:01  Drone x4  
  163  20:02  Drone  
  163  20:10  Drone x4  
  165  20:31  Drone x12  
  173  20:43  Drone x5  
  177  20:51  Drone x4  
  177  20:56  Drone  
  153  21:28  Hatchery  
  138  21:33  Drone x9  
  138  21:34  Drone x9  
  148  21:44  Drone  
  147  21:53  Hatchery  
  146  21:55  Corruptor x3  
  152  22:02  Spire  
  151  22:11  Extractor  
  151  22:12  Extractor  
  138  22:27  Hydralisk  
  138  22:28  Hydralisk x2  
  132  22:34  Drone  
  132  22:35  Drone x14  
  132  22:36  Drone  
Tags
 
Add a new tag
Caveats
  • Supply blocks, unpowered buildings, or Contaminate may cause inaccurate times.
  • Supply counts are checked every 10 seconds.